Cogmind - Beta 10.1 @@@ ROGUE MODE // 2020.10.23 @ 21:17:47 Player: TheGreatBorealis Result: Destroyed by Reinforced Deuterium Engine chain reaction Performance ------------- Evolutions (0) 0 Regions Visited (3) 600 Robots Destroyed (11) 55 Value Destroyed (203) 203 Prototype IDs (0) 0 Alien Tech Used (0) 0 Bonus (0) 0 TOTAL SCORE: 858 Bonus ------- None Cogmind --------- Core Integrity 0/250 Matter 191/300 Energy 97/100 System Corruption 10% Temperature Cool (12) Movement Core (50) Location -10/Exiles Parts ------- > --- POWER (1) -------- (None) > --- PROPULSION (2) --- Aluminum Leg > --- UTILITY (2) ------ (None) > --- WEAPON (2) ------- (None) > --- INVENTORY (4) ---- Light Treads Aluminum Leg Compact Wheel Mining Laser Peak State ------------ > --- POWER ------------ Light Ion Engine > --- PROPULSION ------- Aluminum Leg Aluminum Leg > --- UTILITY ---------- Improved Heat Sink Small Storage Unit > --- WEAPON ----------- Medium Laser Light Assault Rifle > --- INVENTORY -------- Light Ion Engine Light Treads Light Treads Compact Wheel Assault Rifle Grenade Launcher [Rating: 9] Favorites ----------- Power Light Ion Engine Engine Light Ion Engine Propulsion Aluminum Leg Leg Aluminum Leg Utility Small Storage Unit Device Improved Heat Sink Storage Small Storage Unit Weapon Assault Rifle Energy Gun Medium Laser Ballistic Gun Assault Rifle Launcher Grenade Launcher Build | -11 -10 -10 -10 ------- Run | Scr Mat Min Exi Slots Evolved . | . . . . Power . | . . . . Propulsion . | . . . . Utility . | . . . . Weapon . | . . . . Parts Attached 10 | . . 10 . Power 2 | . . 2 . Engine 2 | . . 2 . Core . | . . . . Reactor . | . . . . Propulsion 3 | . . 3 . Treads . | . . . . Leg 3 | . . 3 . Wheel . | . . . . Hover . | . . . . Flight . | . . . . Utility 1 | . . 1 . Device 1 | . . 1 . Storage . | . . . . Processor . | . . . . Hackware . | . . . . Protection . | . . . . Artifact . | . . . . Weapon 4 | . . 4 . Energy Gun . | . . . . Energy Cannon . | . . . . Ballistic Gun 1 | . . 1 . Ballistic Cannon . | . . . . Launcher 3 | . . 3 . Special Weapon . | . . . . Impact Weapon . | . . . . Slashing Weapon . | . . . . Piercing Weapon . | . . . . Special Melee Weapon . | . . . . Unidentified Prototypes . | . . . . Parts Lost 9 | . . 6 3 Power 3 | . . 2 1 Propulsion 2 | . . 1 1 Utility 1 | . . 1 . Weapon 3 | . . 2 1 Highest Loss Streak 3 | . . 3 3 Average Slot Usage (%) 84 | . 85 86 74 Engine 12 | . 14 12 10 Leg 27 | . 28 27 26 Device 3 | . . 5 . Storage 13 | . 14 14 12 Energy Gun 4 | . 14 2 . Ballistic Gun 13 | . 14 13 12 Launcher 8 | . . 9 12 Naked Turns . | . . . . Heaviest Build 15 | 10 10 15 13 Greatest Support 20 | 20 20 20 20 Greatest Overweight (x) . | . . . . Average Overweight (x) . | . . . . Largest Inventory Capacity 6 | . 6 6 6 Average Capacity 5 | . 6 6 5 Most Carried 6 | . 6 6 6 Average Carried 5 | . 5 4 5 Final Capacity 6 | 6 6 6 4 Final Carried 6 | 6 6 6 4 Class Distribution -------------------- 100% | Mutant Dominant Class ---------------- Mutant | -10/Materials Mutant | -10/Mines Mutant | -10/Exiles Resources | -11 -10 -10 -10 ----------- Run | Scr Mat Min Exi Matter Collected 371 | 187 . 184 . Remotely . | . . . . Salvage Created 214 | . . 213 1 Parts 14 | . . 14 . Haulers Intercepted . | . . . . Recyclers Shooed . | . . . . Parts Field Recycled . | . . . . Retrieved Matter . | . . . . Parts Self-Destructed . | . . . . Prevented . | . . . . Kills | -11 -10 -10 -10 ------- Run | Scr Mat Min Exi Combat Hostiles Destroyed 10 | . . 6 4 Guns 4 | . . 4 . AOE 6 | . . 2 4 Classes Destroyed 3 | . . 3 . Tunneler 1 | . . 1 . Grunt 5 | . . 5 . Assembled 5 | . . 1 4 Best Kill Streak 4 | . . 4 4 Combat Bots Only 4 | . . 3 4 Max Kills in Single Turn 2 | . . 2 2 Gunslinging . | . . . . Exploded 2 | . . 1 2 Melee . | . . . . Uniques/NPCs Destroyed . | . . . . Combat | -11 -10 -10 -10 -------- Run | Scr Mat Min Exi Damage Taken 1090 | . . 592 498 Core 281 | . . 109 172 Absorbed by Shields . | . . . . Core Remaining (%) 100 | 100 . . . Volleys Fired 44 | . . 42 2 Largest 2 | . . 2 2 Hottest 70 | . . 70 53 Shots Fired 64 | . . 59 5 Gun 55 | . . 53 2 Cannon . | . . . . Launcher 9 | . . 6 3 Special . | . . . . Kinetic 33 | . . 31 2 Thermal 22 | . . 22 . Explosive 9 | . . 6 3 Electromagnetic . | . . . . Robot Hit Streak 7 | . . 7 1 Robot Miss Streak 4 | . . 4 3 Penetration Max . | . . . . Secondary Targets . | . . . . Shots Hit Robots 30 | . . 29 1 Core Hits 20 | . . 13 7 Critical Hits . | . . . . Critical Kills . | . . . . Critical Parts Destroyed . | . . . . Melee Attacks . | . . . . Impact . | . . . . Slashing . | . . . . Piercing . | . . . . Sneak Attacks . | . . . . Combat Hostiles . | . . . . Follow-up Attacks . | . . . . Damage Inflicted 985 | . . 518 467 Guns 414 | . . 389 25 Cannons . | . . . . Explosions 571 | . . 129 442 Melee . | . . . . Ramming . | . . . . Kinetic 228 | . . 203 25 Thermal 186 | . . 186 . Explosive 571 | . . 129 442 Electromagnetic . | . . . . Impact . | . . . . Slashing . | . . . . Piercing . | . . . . Highest Corruption 10 | . . 9 10 Average Corruption 8 | . . 8 9 Corruption Purged . | . . . . Effects 22 | . . 18 4 Message Errors 5 | . . 5 . Matter Fused 6 | . . 6 . Heat Flow Errors 1 | . . 1 . Energy Discharges 1 | . . . 1 Parts Rejected 1 | . . 1 . Data Loss (minor) 1 | . . . 1 Data Loss (major) 2 | . . 2 . Misfires 1 | . . . 1 Targeting Errors 4 | . . 3 1 Overload Shots . | . . . . Overflow Damage 1 | . . . 1 Projectiles . | . . . . Explosions 1 | . . . 1 Melee . | . . . . Knockbacks . | . . . . Impact . | . . . . Kinetic . | . . . . Secondary . | . . . . Self-Inflicted Damage 11 | . . 11 . Shots 1 | . . 1 . Rammed . | . . . . Targets Rammed . | . . . . Kicked . | . . . . Crushed . | . . . . Highest Temperature 287 | . . 287 54 Average Temperature 128 | . . 143 30 Received Heat Transfer 311 | . . 231 80 Siege Activations . | . . . . Robots Corrupted . | . . . . Combat Hostiles . | . . . . Parts Fried . | . . . . Impact Corruptions . | . . . . Robots Melted . | . . . . Combat Hostiles . | . . . . Parts Melted . | . . . . Heat Transferred 555 | . . 555 . Parts Sabotaged . | . . . . Parts Stolen . | . . . . Parts Stripped . | . . . . Power Chain Reactions . | . . . . Missiles Intercepted . | . . . . Alert | -11 -10 -10 -10 ------- Run | Scr Mat Min Exi Peak Influence 81 | . 6 81 . Initial 1 | . . 1 . Average 35 | . 1 41 . Maximum Alert Level . | . . . . Low Security (%) 100 | . 100 100 . Level 1 . | . . . . Level 2 . | . . . . Level 3 . | . . . . Level 4 . | . . . . Level 5 . | . . . . High Security . | . . . . Max Security . | . . . . Squads Dispatched 1 | . 1 . . Investigation 1 | . 1 . . Extermination . | . . . . Reinforcement . | . . . . Assault . | . . . . Garrison . | . . . . Intercept . | . . . . Construction Impeded . | . . . . Haulers Reinforced . | . . . . Stealth | -11 -10 -10 -10 --------- Run | Scr Mat Min Exi Distress Signals 1 | . . 1 . Communications Jammed . | . . . . Distress Signals . | . . . . Times Spotted 16 | . 2 6 8 Peak Tracking Total 9 | . 3 2 9 Tactical Retreats . | . . . . Traps | -11 -10 -10 -10 ------- Run | Scr Mat Min Exi Traps Triggered 1 | . 1 . . Indirectly . | . . . . Trap Hack Attempts . | . . . . Triggered . | . . . . Disarmed . | . . . . Reprogrammed . | . . . . Reused . | . . . . Traps Extracted . | . . . . Installed . | . . . . Triggered . | . . . . Machines | -11 -10 -10 -10 ---------- Run | Scr Mat Min Exi Machines Disabled 2 | . . . 2 Max in Single Turn 2 | . . . 2 Machines Sabotaged . | . . . . Garrisons Compromised . | . . . . Overloaded Fab Kills . | . . . . Fab Network Shutdowns . | . . . . Hacking | -11 -10 -10 -10 --------- Run | Scr Mat Min Exi Machines Accessed 1 | . 1 . . Terminals 1 | . 1 . . Fabricators . | . . . . Repair Stations . | . . . . Recycling Units . | . . . . Scanalyzers . | . . . . Garrison Access . | . . . . Total Hacks 1 | . 1 . . Successful 1 | . 1 . . Failed . | . . . . Catastrophic . | . . . . Database Lockouts . | . . . . Manual 1 | . 1 . . Terminals 1 | . 1 . . Fabricators . | . . . . Repair Stations . | . . . . Recycling Units . | . . . . Scanalyzers . | . . . . Garrison Access . | . . . . Terminal Hacks . | . . . . Fabricator Hacks . | . . . . Repair Station Hacks . | . . . . Recycling Unit Hacks . | . . . . Scanalyzer . | . . . . Garrison Access Hacks . | . . . . Unauthorized Hacks 1 | . 1 . . Terminals 1 | . 1 . . Operators 1 | . 1 . . Fabricators . | . . . . Repair Stations . | . . . . Recycling Units . | . . . . Scanalyzers . | . . . . Garrison Access . | . . . . Data Cores Recovered . | . . . . Used . | . . . . Hacking Detections 1 | . 1 . . Full Trace Events . | . . . . Feedback Events . | . . . . Feedback Blocked . | . . . . Robot Schematics Acquired . | . . . . Robots Built . | . . . . Matter . | . . . . Time . | . . . . Total Robot Build Rating . | . . . . Part Schematics Acquired . | . . . . Parts Built . | . . . . Matter . | . . . . Time . | . . . . Total Part Build Rating . | . . . . Parts Repaired . | . . . . Time . | . . . . Parts Recycled . | . . . . Recycled Matter . | . . . . Retrieved Matter . | . . . . Retrieved Components . | . . . . Parts Scanalyzed . | . . . . Part Schematics Acquired . | . . . . Parts Damaged . | . . . . Bothacking | -11 -10 -10 -10 ------------ Run | Scr Mat Min Exi Used RIF Installer . | . . . . Robots Hacked . | . . . . Non-combat . | . . . . Combat . | . . . . Robot Hacks Applied . | . . . . Relay Couplers Released . | . . . . Robots Rewired . | . . . . Allies Hacked . | . . . . Hacks Repelled . | . . . . Allies | -11 -10 -10 -10 -------- Run | Scr Mat Min Exi Total Allies . | . . . . Largest Group . | . . . . Highest-Rated Group . | . . . . Highest-Rated Ally . | . . . . Total Orders . | . . . . Ally Attacks . | . . . . Total Damage . | . . . . Kills . | . . . . Allies Corrupted . | . . . . Allies Melted . | . . . . Intel | -11 -10 -10 -10 ------- Run | Scr Mat Min Exi Robot Analysis Total . | . . . . Derelict Logs Recovered 1 | . . 1 . Drone Launches . | . . . . Drone Recoveries . | . . . . Exploration | -11 -10 -10 -10 ------------- Run | Scr Mat Min Exi Turns Passed 689 | . 94 516 79 Spaces Moved 440 | 1 54 322 63 Core 8 | . . . 8 Treads . | . . . . Legs 432 | 1 54 322 55 Wheels . | . . . . Hover . | . . . . Flight . | . . . . Fastest Speed 50 | 120 120 120 50 Average Speed 118 | 120 120 120 111 Slowest Speed 120 | 120 120 120 120 Overloaded Moves . | . . . . Propulsion Burnouts . | . . . . Robots Hopped . | . . . . Cave-ins Triggered . | . . . . Exploration Rate (%) 23 | 1 17 56 18 Regions Visited 3 Branch Regions 2 Pre-discovered Areas . | . . . . Known Exits Taken . | . . . . Unknown Exits Taken 3 | 1 1 1 . Scrap Searched 1 | . . 1 . Spaces Dug . | . . . . Terrain Destroyed 50 | . . 24 26 Melee . | . . . . Projectile . | . . . . AOE 50 | . . 24 26 Terrain Rammed . | . . . . Walls Destroyed . | . . . . Machines Disabled . | . . . . Actions | -11 -10 -10 -10 --------- Run | Scr Mat Min Exi Total 546 | . 83 394 69 Wait 47 | . 28 17 2 Move 437 | . 53 321 63 Hop . | . . . . Pick Up 3 | . 1 2 . Fast Attach 4 | . . 4 . Attach 3 | . . 3 . Detach . | . . . . Swap 3 | . . 3 . Drop 5 | . 1 2 2 Fire 44 | . . 42 2 Melee . | . . . . Ram . | . . . . Kick . | . . . . Crush . | . . . . Escape Stasis . | . . . . Rewire . | . . . . Trap . | . . . . Miscellaneous . | . . . . Route ------- -11/Scrapyard -10/Materials -10/Mines -10/Exiles History --------- Turn | Location | Event 1 | -11/Scrapyard | Discovered new exit (range 0) 1 | -11/Scrapyard | Entered Materials 72 | -10/Materials | Discovered new exit (range 14) 95 | -10/Materials | Entered Mines 176 | -10/Mines | Excavation squad dispatched 176 | -10/Mines | A large section of the Mines collapsed 234 | -10/Mines | Lost 3 parts (1p2w) 308 | -10/Mines | Build established: Mutant 380 | -10/Mines | Lost 3 parts (1p1n1u) 411 | -10/Mines | Learned Materials stockpile data 426 | -10/Mines | Excavation squad dispatched 520 | -10/Mines | Received a Rocket Launcher from a helpful Derelict 605 | -10/Mines | Deemed a non-threat by the Exiles lab entrance 607 | -10/Mines | Discovered new exit (range 5) 611 | -10/Mines | Entered Exiles 641 | -10/Exiles | Met 8R-AWN 661 | -10/Exiles | Met EX-HEX 664 | -10/Exiles | Attacked by the Exiles 667 | -10/Exiles | Core integrity fell below 50% 683 | -10/Exiles | Core integrity fell below 20% 685 | -10/Exiles | System corruption reached 10% 690 | -10/Exiles | Destroyed by Reinforced Deuterium Engine chain reaction Last Messages --------------- 00676_ Penetrated by HV Slug. 00676_ HV Slug penetrates Earth. 00676_ Penetrated by HV Slug. 00676_ HV Slug penetrates Wall. 00678_ Penetrated by HV Slug. 00678_ HV Slug penetrates Wall. 00678_ Penetrated by HV Slug. 00678_ HV Slug penetrates Wall. 00680_ Penetrated by HV Slug. 00680_ HV Slug penetrates Wall. 00683_ Penetrated by HV Slug. 00683_ Assault Rifle destroyed. 00683_ HV Slug penetrates Wall. 00683_ Penetrated by HV Slug. 00683_ HV Slug penetrates Wall. 00684_ Aluminum Leg destroyed. 00684_ System corrupted by crushing effect (+1). 00685_ Dropped Rocket Launcher. 00686_ Dropped Sml. Storage Unit. 00690_ Rigged Rnf. Deuterium Engine explodes. Map ----- +----------------------------------------------------+ | ?????????????????????????????????????????????????? | | ?????????????????????????????????????????????????? | | ?????????????????????????????????????????????????? | | ?????????????????????????????????????????????????? | | ?????????????????????????????????????????????????? | | ?????????????????????????????????????????????????? | | ?????????????????????????????????????????????????? | | ?????????????????????????????????????????????????? | | ?????????????????????????????????????????????????? | | ?????????????????????????????????????????????????? | | ?????????????????????????????????????????????????? | | ????????????????????????????????????? ?????????? | | ????????????????????????????????????? ????????? | | ????????????????????????????????????# #????????? | | ???????????????????????????????????# ##???????? | | ??????????????????????????????????# #???????? | | ?????????????#####???????????????# #???????? | | "#??????????##" #??????????????## ????????? | | ""###???????#" #?????????????## #?????????? | | """"#?????##" ##????????????# #?????????? | | "# #??### ######?????### #??????????? | | ## #?# ##;####### #??????????? | | ## ## ; ""## #???????????? | | ##" g !] * ##??????????? | | ##]a #??????????? | | #### a @ ##?????????? | | ""#?#"""""#### ###???????? | | #"""##?#######??#### * ###?????? | | #####??????????????##### ##????? | | ##??????????????????????### #????? | | ##?????????????????????????### #????? | | #????????????????????????????### #????? | | #?????????????????????????????#" ##???? | | ##?????????????????????????????#### ###?? | | # ##??????????????????????????????????# ##? | | ????????????????????????????????????## ## | | ?????????????????????????????????????### | | ####???????????????????????????????????????# # | | ???????????????????????????????????????????## ## | | ????????????????????????????????????????????#####? | | ?????????????????????????????????????????????????? | | ?????????????????????????????????????????????????? | | ?????????????????????????????????????????????????? | | ?????????????????????????????????????????????????? | | ?????????????????????????????????????????????????? | | ?????????????????????????????????????????????????? | | ?????????????????????????????????????????????????? | | ?????????????????????????????????????????????????? | | ?????????????????????????????????????????????????? | | ?????????????????????????????????????????????????? | +----------------------------------------------------+ Best States ------------- Heat Dissipation 39 Energy Generation 10 Energy Capacity 250 Matter Stores 300 Matter Capacity 300 Sight Range 16 Terrain Scan Density 10 Evasion (%) 50 Item Schematics ----------------- None Robot Schematics ------------------ None Fabricated ------------ Nothing Alien Tech Used ----------------- None Achievements -------------- Dramatic Entrance Maybe Next Time I'll Detach My Launcher Challenges ------------ None Game ------ Seed KineticHoverMallet Manual? 0 Play Time 00:06:26 Cumulative 63.2 hours Start 2020.10.23 @ 21:12:41 End 2020.10.23 @ 21:17:47 Sessions 1 Manual Loads 0 Difficulty Rogue Special Mode None Game No. 117 Rogue 117 Adventurer 0 Explorer 0 Win Type - Total 0 Types 0/0/0/0/0/0/0/0/0 Lore% 45 Gallery% 51 Achievement% 39 Wizard Run 0 Options --------- ASCII 0 Keyboard 1 Movement Numpad Keybinds 0 Fullscreen 2 Font 18/Terminus Map View 76x50 Tactical HUD 1 Map Filters NONE Filters NONE Steam 1 RUN: 3c41ead1-013b-472b-aecd-5b007ff31945